 Dungeon Crawl Stone Soup version 0.25-a0-942-g87a53962fc (webtiles) character file.

Game seed: 13398057237333970562, levelgen mode: deterministic

56 mortelune the Skirmisher (level 3, -1/31 HPs)
             Began as a Centaur Fighter on May 8, 2020.
             Slain by an adder (4 damage)
             ... on level 1 of the Dungeon.
             The game lasted 00:02:16 (2047 turns).

mortelune the Skirmisher (Centaur Fighter)          Turns: 2047, Time: 00:02:16

Health: -1/31      AC:  6    Str: 19    XL:     3   Next: 69%
Magic:  3/3        EV:  5    Int:  7    God:
Gold:   14         SH:  8    Dex:  8    Spells: 2/2 levels left

rFire    . . .     SeeInvis .   a - +0 trident
rCold    . . .     Gourm    .   c - +0 kite shield
rNeg     . . .     Faith    .   b - +0 scale mail
rPois    .         Spirit   .   (no helmet)
rElec    .         Reflect  .   (no cloak)
rCorr    .         Harm     .   (no gloves)
MR       .....                  (no barding)
Stlth    ..........             (no amulet)
HPRegen  0.10/turn              (no ring)
MPRegen  0.08/turn              (no ring)

@: mighty, lethally poisoned (-1 -> -13), very quick
A: large, hooves 3, deformed body, speed 2, tough skin 3
a: no special abilities


You were on level 1 of the Dungeon.
You were hungry.

You visited 1 branch of the dungeon, and saw 2 of its levels.

You collected 14 gold pieces.

Inventory:

Hand Weapons
 a - a +0 trident (weapon)
Armour
 b - a +0 scale mail (worn)
 c - a +0 kite shield (worn)
Jewellery
 j - an uncursed ring of wizardry {unknown}
Scrolls
 e - 2 scrolls of identify {unknown}
 g - a scroll of magic mapping {unknown}
 i - a scroll of enchant weapon {unknown}
Comestibles
 f - a ration


   Skills:
 + Level 3.4 Fighting
 * Level 2.9 Polearms
 + Level 2.5 Armour
 - Level 2.1 Shields


You had 2 spell levels left.
You didn't know any spells.
Your spell library was empty.

Dungeon Overview and Level Annotations

Branches:
Dungeon (2/15)

Altars:
Trog


Innate Abilities, Weirdness & Mutations

You have hooves in place of feet.
Armour fits poorly on your strangely shaped body.
You cover ground very quickly.
You have extremely tough skin. (AC +3)


Message History

You closely miss the adder. Your kick misses the adder.
The adder is severely wounded.
You feel sick.
The adder bites you but does no damage. x2
The adder barely misses you.
You puncture the adder!
You kill the adder!
You feel sick. The adder barely misses you. The adder bites you.
You feel very mighty all of a sudden.
You feel sick. The adder bites you.
* * * LOW HITPOINT WARNING * * *
You are more poisoned.
The adder poisons you!
You miss the adder.
* * * LOW HITPOINT WARNING * * *
You feel sick. The adder bites you but does no damage.
You block the adder's attack.
You miss the adder. Your kick misses the adder.
* * * LOW HITPOINT WARNING * * *
You feel sick. You block the adder's attack. The adder bites you.
You die...

#.##....# #.......##.#
#.##.##.# #...##..#8.#
#.##.##.# #..####.##.#
#.......#####...##..#8..
####.##...........(.###+
#.......#####...........
#.##.##.# ####.##.#..#.
#.##.##.# #..........#.
#.##..#@# #).........#.
#.###.#S## #..........##
#.#......# #..........##
#.....)..# #..........#.
###.#..#.# #######..#.#.
#.##.#.# ##.#.'.
#.##.#.# #.###.
#......##########...#.
####.####...........##


You could see an adder.

Vanquished Creatures
  A gnoll (D:2)
  2 adders
  An ooze (D:1)
  A dart slug (D:1)
  2 leopard geckos (D:1)
  4 goblins (D:1)
  3 hobgoblins
  2 bats (D:1)
  A frilled lizard (D:1)
  3 kobolds
  A rat (D:1)
21 creatures vanquished.

Notes
Turn   | Place    | Note
-------+----------+-------------------------------------------
     0 | D:1      | mortelune the Centaur Fighter began the quest for the Orb.
     0 | D:1      | Reached XP level 1. HP: 19/19 MP: 1/1
   491 | D:1      | Reached XP level 2. HP: 26/26 MP: 2/2
   692 | D:1      | Found a bloodstained altar of Trog.
   902 | D:2      | Noticed a gnoll sergeant
   909 | D:2      | Reached XP level 3. HP: 18/31 MP: 3/3
  1999 | D:2      | Noticed an ogre
  2047 | D:1      | Slain by an adder

Levels and vault maps discovered:
D:1:      heliophobic_arrival_ceremonial_halls, layout_loops_cross,
          chequers_serial_rivers_marsh, chequers_serial_rivers_micro_b,
          kennysheep_flooded_box
D:2:      layout_basic

Skill      XL: |  1 |
---------------+----+-----
Polearms       | 2 |  2.9
Fighting       | |  3.4
Armour         | |  2.5
Shields        | |  2.1

Action                   || total
-------------------------++-------
Melee: Trident           ||   104
       Kick              ||    15
  Use: Potion            ||     1
  Eat: Chunk             ||     2
Armor: Scale mail        ||    49
Dodge: Dodged            ||    22
Block: Kite shield       ||    52

Table legend:
 A = Non-vault XP
 B = Vault XP
 C = Vault XP percentage of total XP
 D = Non-vault monster count
 E = Vault monster count
 F = Vault count percentage of total count
                 A         B        C        D         E       F
            +---------+---------+-------+---------+---------+-------
      Total |      80 |       0 |   0.0 |      21 |       0 |   0.0
            +---------+---------+-------+---------+---------+-------
        D:1 |      48 |       0 |   0.0 |      16 |       0 |   0.0
        D:2 |      32 |       0 |   0.0 |       5 |       0 |   0.0
            +---------+---------+-------+---------+---------+-------
